AoeStats
← SAPOSECO

Black Forest

505776474Analyzed
3v3 RM · 22d ago on Sep 11, 2026· 53m 43s· 6 players
Game mode
Random Map
Map size
Normal (6 player)
Population
200
Speed
Normal
Resources
Standard
Victory
Conquest
Starting age
Dark Age
Ending age
Imperial Age
RankedLock teamsTeams togetherTeam positionsShared explorationLock speedFull tech treeHidden civsTurbo modeCheats
Victory
Defeat
🇧🇷 Hindustanis · Brazil
1077
+13
🇧🇷 Franks · Brazil
1076
+13
🇧🇷 Turks · Brazil
956
+19
🇵🇪 Vietnamese · Peru
1032
-15
🇵🇪 Bohemians · Peru
1012
-15
🇵🇪 Lithuanians · Peru
1003
-15
MASTURBIN
2:13 Loom
12:35 Feudal Age
17:16 Castle Age
15:40 Double-Bit Axe
16:12 Horse Collar
18:29 Bow Saw
18:20 Heavy Plow
33:30 Imperial Age
31:37 Wheelbarrow
30:51 Town Watch
31:15 Gold Mining
31:21 Stone Mining
32:01 Ballistics
32:49 Chatras
34:19 Hand Cart
34:06 Town Patrol
34:43 Stone Shaft Mining
35:17 Chemistry
34:29 Fortified Wall
35:06 Crop Rotation
35:06 Bloodlines
34:59 Husbandry
36:25 Elite Skirmisher
37:10 Thumb Ring
37:16 Padded Archer Armor
37:06 Fletching
37:19 Elite Battle Elephant
38:45 Leather Archer Armor
38:25 Bodkin Arrow
38:38 Scale Barding Armor
38:44 Forging
40:42 Imperial Skirmisher
42:30 Bracer
43:00 Ring Archer Armor
44:25 Siege Engineers
47:58 Paper Money
49:05 Pikeman
49:46 Squires
49:31 Arson
50:10 Chain Barding Armor
50:26 Iron Casting
49:15 Light Cavalry
50:14 Scale Mail Armor
50:56 Iron Casting
Rychiplay
2:11 Loom
13:16 Feudal Age
14:04 Double-Bit Axe
19:15 Castle Age
17:27 Horse Collar
20:12 Bow Saw
27:06 Wheelbarrow
28:45 Elite Skirmisher
30:03 Padded Archer Armor
29:54 Fletching
31:20 Leather Archer Armor
31:18 Forging
31:23 Town Watch
36:45 Fortified Wall
41:50 Light Cavalry
42:41 Bloodlines
42:31 Husbandry
43:32 Scale Barding Armor
43:26 Bodkin Arrow
44:15 Hand Cart
46:59 Chain Barding Armor
48:05 Thumb Ring
48:35 Ballistics
52:09 Imperial Age
52:18 Imperial Skirmisher
b1t
7:23 Loom
14:00 Feudal Age
20:07 Castle Age
20:32 Double-Bit Axe
22:37 Bow Saw
27:54 Imperial Age
26:33 Chemistry
26:00 Wagenburg Tactics
28:01 Ballistics
32:28 Two-Man Saw
33:03 Wheelbarrow
34:39 Hand Cart
34:48 Caravan
35:17 Fortified Wall
35:46 Elite Skirmisher
36:42 Padded Archer Armor
36:33 Fletching
36:55 Forging
40:29 Leather Archer Armor
40:20 Imperial Skirmisher
41:39 Pikeman
42:19 Squires
TioMg100
0:46 Loom
13:52 Feudal Age
14:37 Double-Bit Axe
15:35 Fishing Lines
19:42 Town Watch
20:33 Wheelbarrow
19:59 Town Watch
22:55 Castle Age
23:34 Wheelbarrow
25:52 Hand Cart
27:46 Gillnets
28:25 Bow Saw
32:35 Imperial Age
30:51 Stone Mining
30:52 Gold Mining
32:02 Ballistics
31:53 Fortified Wall
31:55 Masonry
32:17 Horse Collar
34:31 Chemistry
33:45 Masonry
33:58 Conscription
35:09 Two-Man Saw
35:07 Grand Trunk Road
36:52 Fletching
37:03 Padded Archer Armor
38:24 Gold Shaft Mining
38:25 Stone Shaft Mining
37:55 Caravan
38:29 Leather Archer Armor
38:10 Bodkin Arrow
38:49 Shatagni
39:05 Siege Engineers
40:07 Ring Archer Armor
39:43 Scale Barding Armor
39:49 Forging
42:17 Chain Barding Armor
42:01 Husbandry
42:11 Bloodlines
41:22 Heavy Camel Rider
42:59 Imperial Camel Rider
44:19 Iron Casting
46:25 Plate Barding Armor
52:03 Light Cavalry
53:01 Hussar
SAPOSECO
0:53 Loom
11:10 Feudal Age
12:14 Double-Bit Axe
14:26 Fishing Lines
20:02 Castle Age
27:19 Imperial Age
25:27 Wheelbarrow
25:43 Ballistics
27:02 Bow Saw
26:48 Gold Mining
26:48 Stone Mining
28:44 Hand Cart
32:10 Chemistry
32:04 Coinage
31:34 Caravan
32:31 Scale Barding Armor
32:29 Stone Mining
32:59 Husbandry
35:45 Chain Barding Armor
35:19 Gillnets
35:56 Cavalier
38:40 Paladin
42:36 Hoardings
51:08 Arrowslits
52:03 Plate Barding Armor
51:29 Padded Archer Armor
51:29 Scale Mail Armor
51:20 Fletching
51:40 Forging
Mkc
0:50 Loom
13:37 Feudal Age
17:51 Castle Age
23:05 Imperial Age
20:39 Double-Bit Axe
21:39 Bow Saw
21:40 Gold Mining
25:16 Horse Collar
27:55 Padded Archer Armor
35:11 Leather Archer Armor
46:20 Bloodlines
46:11 Husbandry
53:08 Two-Man Saw
Connection lost

Rejoining the realm…

Still unreachable

The connection could not be restored.

Session expired

The server has moved on; the page needs a fresh start.